 Dungeon Sprint DCSS version 0.17-a0-1311-gbcbd859 (webtiles) character file.

6258 Kidiri the Unseen (level 10, -71/55 HPs)
             Began as a Spriggan Enchanter on June 8, 2015.
             Was a Follower of Dithmenos.
             Killed from afar by a crystal guardian (73 damage)
             ... with a crystal bolt
             ... in the Dungeon (Sprint II: "The Violet Keep of Menkaure").
             The game lasted 00:15:12 (1801 turns).

Kidiri the Unseen (Spriggan Enchanter)              Turns: 1801, Time: 00:15:12

Health: -71/55     AC:  5    Str:  4    XL:     10   Next: 62%
Magic:  25/25      EV: 36    Int: 22    God:    Dithmenos [*.....]
Gold:   958        SH:  0    Dex: 23    Spells: 5 memorised, 18 levels left

rFire  + . .     SeeInvis +     k - +4 dagger (venom)
rCold  x . .     Clarity  .     m - +2 robe {rF+}
rNeg   . . .     SustAt   .     (shield restricted)
rPois  .         Gourm    +     (helmet restricted)
rElec  .         Spirit   .     C - +0 cloak
rCorr  .         Warding  .     (gloves unavailable)
rMut   .         NoTele   +     (boots unavailable)
MR     +....                    l - amulet "Geish" {Gourm rC- Int+4 Dex+4}
Stlth  +++++.....               (no ring)
                                (no ring)

@: wreathed by umbra, very quick, somewhat resistant to hostile enchantments,
quite stealthy
A: unfitting armour, see invisible, herbivore 3, speed 3, slow metabolism 2
a: Renounce Religion


You were in the Dungeon.
You worshipped Dithmenos.
Dithmenos was aware of your devotion.
You were not hungry.

You visited 1 branch You collected 1505 gold pieces.
You spent 547 gold pieces at shops.

Inventory:

Hand weapons
 k - a +4 dagger of venom (weapon)
Armour
 m - a +2 robe of fire resistance (worn)
 C - a +0 cloak (worn)
Jewellery
 l - the amulet "Geish" (around neck) {Gourm rC- Int+4 Dex+4}
   (You bought it in a shop in the Dungeon)

   [amulet of the gourmand]

   It allows you to eat raw meat even when not hungry.
   It affects your intelligence (+4).
   It affects your dexterity (+4).
   It makes you vulnerable to cold.
 q - an uncursed ring of fire
Scrolls
 j - 2 scrolls of blinking
 n - a scroll of fear
 o - 3 scrolls of remove curse
 x - a scroll of amnesia
 B - a scroll of random uselessness {unknown}
Potions
 e - a potion of curing
 f - a potion of lignification {unknown}
 g - a potion of haste
 h - 5 potions of magic
 i - a potion of berserk rage
 p - a potion of cure mutation {unknown}
 s - a potion of mutation {unknown}
 u - 4 potions of flight {unknown}
 v - a potion of degeneration {unknown}
 w - a potion of brilliance {unknown}
 A - 3 potions of resistance {unknown}
Books
 c - a book of Maledictions

   Spells                             Type                      Level
   a - Corona                         Hexes                        1
   b - Ensorcelled Hibernation        Hexes/Ice                    2
   c - Confuse                        Hexes                        3
   d - Tukima's Dance                 Hexes                        3
   e - Dazzling Spray                 Conjuration/Hexes            3
Comestibles
 d - a bread ration
 z - a slice of pizza


   Skills:
 + Level 7.1 Fighting
 * Level 12.9 Short Blades
 * Level 16.4 Dodging
 * Level 17.9 Stealth
 + Level 10.7 Spellcasting
 + Level 0.3 Conjurations
 + Level 10.9 Hexes
 + Level 0.7 Ice Magic
 + Level 0.6 Invocations


You had 18 spell levels left.
You knew the following spells:

 Your Spells              Type           Power        Failure   Level  Hunger
a - Corona                Hex            ######.      1%          1    None
b - Ensorcelled Hibernat  Hex/Ice        #####.       1%          2    None
c - Confuse               Hex            ######..     1%          3    None
d - Tukima's Dance        Hex            ######..     1%          3    None
e - Dazzling Spray        Conj/Hex       #####...     1%          3    None


Dungeon Overview and Level Annotations

Branches:
Dungeon (1/1)

Altars:
Cheibriados
Dithmenos
Elyvilon
Fedhas
Gozag
Kikubaaqudgha
Makhleb
Nemelex Xobeh
Okawaru
Qazlal
Ru
Sif Muna
Trog
Vehumet
Xom
Yredelemnul
Zin
The Shining One
Beogh
Jiyva
Lugonu

Shops:
D :![::*=:[=:!?(}%

Annotations:
D exclusion: oklob plant


Innate Abilities, Weirdness & Mutations

You are tiny and cannot use many weapons and most armour.
You have supernaturally acute eyesight.
You are a herbivore.
You cover ground extremely quickly.
You need consume almost no food.


Message History

The crystal bolt misses you.
You start resting.
Read which item? (? for menu, Esc to quit)
As you read the scroll labeled VABBANWOUFO, it crumbles to dust.
Forget which spell ([?*] list [ESC] exit)?
Forget which spell ([?*] list [ESC] exit)?
Okay, then.
It was a scroll of amnesia.
You enter the shallow water.
Moving in this stuff is going to be slow.
The crystal guardian fires a crystalline bolt at you.
The crystal bolt misses you.
The crystal guardian fires a crystalline bolt at you.
The crystal bolt misses you.
You are engulfed in freezing vapours.
* * * LOW HITPOINT WARNING * * *
The crystal guardian fires a crystalline bolt at you.
The crystal bolt freezes you!
You feel a terrible chill!
Ouch! That really hurt!
You die...

###.#†8#[|▓........▓▓
..'.##.#|:▓..(...(.▓▓
..#...####▓..).(?..▓▓
####..##.#▓)......[▓▓
#..'..#..#▓.(.[(%([▓▓
#).#^.#)(#▓[......)▓▓
####..##.#▓......[(▓▓
..###...##▓▓▓▓▓▓▓'▓▓▓▓+▓
....≈≈≈≈≈≈≈≈8§§§@...≈≈≈▓
....≈#'########'###.≈.≈▓
≈≈..≈#........#≈≈§##≈≈≈▓
≈≈≈.≈#....⌠._.#%§§§####▓
≈≈≈≈≈#..._._._#§§§≈§##
≈≈§§≈#.._._._.#≈§§≈≈§#
≈≈§≈≈#._._._._#§§≈§≈§+
###≈≈#_._._._.#§§§§§≈# #
#≈§#._._._..#≈§§§≈≈▓


You could see a crystal guardian.

Vanquished Creatures
  A kraken (D)
  2 unseen horrors (D)
  2 spiny frogs (D)
  A yaktaur (D)
  3 polar bears (D)
  3 slime creatures (D)
  2 hippogriffs (D)
  Menkaure (D)
  2 swamp drakes (D)
  A wasp (D)
  5 crocodiles (D)
  4 necrophages (D)
  4 brain worms (D)
  A scorpion (D)
  4 worker ants (D)
36 creatures vanquished.

Vanquished Creatures (others)
  4 tentacles (D)
  118 tentacle segments (D)
122 creatures vanquished.

Grand Total: 158 creatures vanquished

Notes
Turn   | Place    | Note
--------------------------------------------------------------
     0 | D        | Kidiri the Spriggan Enchanter began the quest for the Orb.
     0 | D        | Reached XP level 1. HP: 9/9 MP: 5/5
     1 | D        | Noticed a brain worm
     4 | D        | Killed a brain worm
     4 | D        | Reached skill level 1 in Fighting
     4 | D        | Reached skill level 6 in Dodging
     4 | D        | Reached skill level 7 in Stealth
     4 | D        | Reached XP level 2. HP: 12/15 MP: 5/7
     4 | D        | Reached XP level 3. HP: 14/18 MP: 6/9
     8 | D        | Learned a level 2 spell: Ensorcelled Hibernation
    12 | D        | Learned a level 3 spell: Confuse
    16 | D        | Learned a level 3 spell: Tukima's Dance
    71 | D        | Noticed a brain worm
    72 | D        | Killed a brain worm
    72 | D        | Reached skill level 5 in Short Blades
    72 | D        | Reached skill level 8 in Stealth
    72 | D        | Reached skill level 5 in Hexes
    72 | D        | Reached XP level 4. HP: 23/23 MP: 9/11
    89 | D        | Noticed a brain worm
    89 | D        | Noticed a brain worm
    92 | D        | Killed a brain worm
    92 | D        | Reached skill level 9 in Stealth
    92 | D        | Reached skill level 5 in Spellcasting
    92 | D        | Reached XP level 5. HP: 27/27 MP: 11/13
    94 | D        | Killed a brain worm
    94 | D        | Reached skill level 10 in Stealth
   119 | D        | Noticed a necrophage
   119 | D        | Noticed a necrophage
   119 | D        | Noticed a necrophage
   119 | D        | Noticed a necrophage
   123 | D        | Noticed a hippogriff
   123 | D        | Noticed a hippogriff
   127 | D        | Noticed a worker ant
   127 | D        | Noticed a worker ant
   127 | D        | Noticed a worker ant
   127 | D        | Noticed a worker ant
   130 | D        | Killed a worker ant
   130 | D        | Reached XP level 6. HP: 32/32 MP: 10/15
   132 | D        | Killed a worker ant
   136 | D        | Killed a worker ant
   281 | D        | Killed a worker ant
   304 | D        | Killed a hippogriff
   304 | D        | Reached skill level 10 in Dodging
   304 | D        | Reached skill level 11 in Stealth
   312 | D        | Killed a hippogriff
   312 | D        | Reached skill level 12 in Stealth
   312 | D        | Reached XP level 7. HP: 35/37 MP: 18/18
   320 | D        | Learned a level 3 spell: Dazzling Spray
   331 | D        | Killed a necrophage
   332 | D        | Killed a necrophage
   335 | D        | Killed a necrophage
   350 | D        | Killed a necrophage
   350 | D        | Reached skill level 13 in Stealth
   561 | D        | Noticed a lava snake
   561 | D        | Noticed a lava snake
   563 | D        | Noticed a lava snake
   563 | D        | Noticed a crocodile
   565 | D        | Killed a crocodile
   565 | D        | Reached XP level 8. HP: 42/42 MP: 18/20
   579 | D        | Found Lyt Ywen's Antique Armour Boutique.
   579 | D        | Found Waxt's Book Shop.
   579 | D        | Found Elihuix's Book Shop.
   579 | D        | Found Beamibb's Antique Weapon Shop.
   579 | D        | Found Wedwuhu's Jewellery Boutique.
   580 | D        | Found Fybrotex's Food Shop.
   580 | D        | Found Zilar's Magic Scroll Boutique.
   580 | D        | Found Erifyot's Distillery.
   580 | D        | Found Isytton's General Store.
   580 | D        | Found Camnuori's Book Shop.
   580 | D        | Found Loipp's Book Boutique.
   581 | D        | Found Ihitu's Antique Armour Shop.
   581 | D        | Found Mophulirr's Distillery.
   581 | D        | Noticed a black bear
   582 | D        | Found Nepux's Gadget Boutique.
   582 | D        | Found Dyoquf's Jewellery Shop.
   582 | D        | Noticed a black bear
   583 | D        | Noticed a black bear
   583 | D        | Noticed an oklob plant
   584 | D        | Found Jiwutz's Book Shoppe.
   587 | D        | Noticed an ice dragon
   597 | D        | Noticed a hell hog
   614 | D        | Bought a runed dagger for 58 gold pieces
   616 | D        | Bought the amulet "Geish" {Gourm rC- Int+4 Dex+4} for 468 gold pieces
   624 | D        | Bought a runed robe for 21 gold pieces
   649 | D        | Noticed a scorpion
   651 | D        | Killed a scorpion
   766 | D        | Noticed an obsidian statue
   768 | D        | Noticed a kraken
   831 | D        | Noticed a lava snake
   853 | D        | Found a blossoming altar of Fedhas.
   892 | D        | Killed a kraken
   892 | D        | Reached skill level 5 in Fighting
   892 | D        | Reached skill level 14 in Dodging
   892 | D        | Reached skill level 15 in Stealth
   892 | D        | Reached XP level 9. HP: 45/48 MP: 5/23
  1016 | D        | Found an ancient bone altar of Kikubaaqudgha.
  1017 | D        | Found a white marble altar of Elyvilon.
  1017 | D        | Found an iron altar of Okawaru.
  1018 | D        | Found a roughly hewn altar of Beogh.
  1018 | D        | Found a snail-covered altar of Cheibriados.
  1019 | D        | Found a glowing golden altar of the Shining One.
  1019 | D        | Found an opulent altar of Gozag.
  1020 | D        | Found a corrupted altar of Lugonu.
  1020 | D        | Found a sparkling altar of Nemelex Xobeh.
  1021 | D        | Found a viscous altar of Jiyva.
  1021 | D        | Found a stormy altar of Qazlal.
  1024 | D        | Noticed a spiny frog
  1025 | D        | Noticed a spiny frog
  1026 | D        | Killed a spiny frog
  1028 | D        | Killed a spiny frog
  1028 | D        | Reached skill level 16 in Stealth
  1038 | D        | Noticed a slime creature
  1038 | D        | Noticed a slime creature
  1042 | D        | Killed a slime creature
  1043 | D        | Noticed a slime creature
  1044 | D        | Killed a slime creature
  1044 | D        | Reached skill level 15 in Dodging
  1044 | D        | Reached skill level 10 in Hexes
  1046 | D        | Killed a slime creature
  1154 | D        | Noticed a deep elf master archer
  1157 | D        | Noticed an unseen horror
  1157 | D        | Noticed an unseen horror
  1167 | D        | Killed an unseen horror
  1167 | D        | Reached skill level 10 in Spellcasting
  1167 | D        | Reached XP level 10. HP: 49/53 MP: 15/25
  1178 | D        | Killed an unseen horror
  1178 | D        | Reached skill level 17 in Stealth
  1239 | D        | Noticed a death drake
  1239 | D        | Noticed a swamp drake
  1240 | D        | Noticed a death drake
  1240 | D        | Noticed a crystal guardian
  1240 | D        | Noticed a swamp drake
  1241 | D        | Killed a swamp drake
  1242 | D        | Killed a swamp drake
  1248 | D        | Found a shadowy altar of Dithmenos.
  1248 | D        | Found a glowing silver altar of Zin.
  1249 | D        | Noticed a yaktaur
  1249 | D        | Noticed a wasp
  1249 | D        | Noticed a polar bear
  1250 | D        | Noticed a polar bear
  1250 | D        | Noticed a polar bear
  1251 | D        | Killed a polar bear
  1253 | D        | Killed a wasp
  1266 | D        | Killed a yaktaur
  1268 | D        | Killed a polar bear
  1270 | D        | Killed a polar bear
  1439 | D        | Found a burning altar of Makhleb.
  1441 | D        | Noticed a crocodile
  1441 | D        | Found a basalt altar of Yredelemnul.
  1441 | D        | Found a radiant altar of Vehumet.
  1441 | D        | Found a shimmering altar of Xom.
  1442 | D        | Found a deep blue altar of Sif Muna.
  1442 | D        | Found a bloodstained altar of Trog.
  1442 | D        | Found a sacrificial altar of Ru.
  1447 | D        | Noticed a crocodile
  1449 | D        | Noticed a crocodile
  1453 | D        | Became a worshipper of Dithmenos the Shadowed
  1456 | D        | Noticed a flying skull
  1457 | D        | Noticed a flying skull
  1461 | D        | Noticed a flying skull
  1461 | D        | Noticed a flying skull
  1462 | D        | Noticed a flying skull
  1462 | D        | Noticed a flying skull
  1462 | D        | Noticed a flying skull
  1464 | D        | Noticed a flying skull
  1465 | D        | Noticed a flying skull
  1478 | D        | Killed a crocodile
  1487 | D        | Noticed Menkaure
  1640 | D        | Killed Menkaure
  1694 | D        | Killed a crocodile
  1706 | D        | Noticed a flying skull
  1706 | D        | Noticed a flying skull
  1706 | D        | Noticed a flying skull
  1707 | D        | Noticed a flying skull
  1714 | D        | Noticed a crocodile
  1715 | D        | Killed a crocodile
  1730 | D        | Killed a crocodile
  1746 | D        | Noticed a flying skull
  1748 | D        | Noticed a flying skull
  1748 | D        | Noticed a flying skull
  1752 | D        | Noticed a flying skull
  1797 | D        | HP: 1/55 [crystal guardian] (19)]
  1801 | D        | Killed from afar by a crystal guardian

Vault maps used:
D:        the_violet_keep_of_menkaure

Action                   |  1- 3 |  4- 6 |  7- 9 | 10-12 || total
-------------------------+-------+-------+-------+-------++-------
Melee: Dagger            |     2 |    18 |    51 |    25 ||    96
 Cast: Ensorcelled Hiber |       |     7 |     9 |    12 ||    28
       Corona            |       |     1 |       |       ||     1
       Confuse           |       |       |     8 |     8 ||    16
  Use: Scroll            |       |       |       |     7 ||     7
       Potion            |       |       |       |     1 ||     1
 Stab: Sleeping          |     2 |     8 |    10 |     7 ||    27
       Confused          |       |       |     5 |     4 ||     9
